 Dungeon Crawl Stone Soup version 0.30-a0-330-g8f2769a82d (webtiles) character file.

Game seed: 4465926818330104088

41 bloopermario the Shield-Bearer (level 3, -1/35 HPs)
             Began as a Gnoll Fighter on Oct 29, 2022.
             Was an Initiate of Kikubaaqudgha.
             Slain by a sky beast (5 damage)
             ... on level 3 of the Dungeon.
             The game lasted 00:18:12 (882 turns).

bloopermario the Shield-Bearer (Gnoll Fighter)       Turns: 882, Time: 00:18:13

Health: -1/35      AC:  7    Str: 15    XL:     3   Next: 52%
Magic:  4/4        EV:  9    Int:  7    God:    Kikubaaqudgha [......]
Gold:   79         SH:  5    Dex: 13    Spells: 3/3 levels left

rFire   . . .      SeeInvis .    a - +0 flail
rCold   . . .      Faith    .    c - +0 buckler
rNeg    . . .      Spirit   .    b - +0 scale mail
rPois   .          Reflect  .    (no helmet)
rElec   .          Harm     .    (no cloak)
rCorr   .          Rampage  .    (no gloves)
Will    .....                    (no boots)
Stlth   ..........               (no amulet)
HPRegen 0.25/turn                (no ring)
MPRegen 0.09/turn                (no ring)

@: no status effects
A: fangs 1, strong nose, distributed training
a: Renounce Religion


You were on level 3 of the Dungeon.
You worshipped Kikubaaqudgha.
Kikubaaqudgha was noncommittal.
You visited 1 branch of the dungeon, and saw 3 of its levels.

You collected 79 gold pieces.

Inventory:

Hand Weapons
 a - a +0 flail (weapon)
 e - a +0 dagger
 g - a +0 dagger
 h - a +0 dagger
 i - a +0 short sword
 m - a +0 whip
 n - a +0 hand axe
 o - a +0 club
 q - a +0 dagger
Missiles
 k - 5 stones (quivered)
Armour
 b - a +0 scale mail (worn)
 c - a +0 buckler (worn)
Jewellery
 j - a ring of see invisible
Scrolls
 r - a scroll of fear
 s - a scroll of vulnerability {unknown}
 t - a scroll of noise {unknown}
Potions
 d - a potion of might
 f - a potion of berserk rage {unknown}
 l - a potion of heal wounds {unknown}
 p - a potion of brilliance {unknown}


   Skills:
 + Level 6.5 Fighting
 + Level 0.9 Short Blades
 + Level 0.9 Long Blades
 + Level 0.9 Axes
 + Level 4.5 Maces & Flails
 + Level 0.9 Polearms
 + Level 0.9 Staves
 + Level 0.9 Ranged Weapons
 + Level 0.9 Throwing
 + Level 6.5 Armour
 + Level 0.9 Dodging
 + Level 0.9 Stealth
 + Level 6.5 Shields
 + Level 0.9 Unarmed Combat
 + Level 0.9 Spellcasting
 + Level 0.6 Conjurations
 + Level 0.6 Hexes
 + Level 0.6 Summonings
 + Level 0.6 Necromancy
 + Level 0.6 Translocations
 + Level 0.6 Transmutations
 + Level 0.6 Fire Magic
 + Level 0.6 Ice Magic
 + Level 0.6 Air Magic
 + Level 0.6 Earth Magic
 + Level 0.6 Poison Magic
 + Level 1.0 Invocations
 + Level 0.9 Evocations


You had 3 spell levels left.
You didn't know any spells.
Your spell library contained the following spells:

 Spells                   Type           Power      Damage    Failure   Level
 Magic Dart               Conj           4%         1d3       82%         1
 Call Imp                 Summ           1%         N/A       91%         2
 Ensorcelled Hibernation  Hex/Ice        2%         N/A       91%         2
 Passwall                 Tmut/Erth      0%         N/A       91%         2
 Mephitic Cloud           Conj/Pois/Air  1%         N/A       99%         3
 Swiftness                Air            1%         N/A       99%         3


Dungeon Overview and Level Annotations

Branches:
Dungeon (3/15)

Altars:
Kikubaaqudgha


Innate Abilities, Weirdness & Mutations

You have very sharp teeth.
Your uncanny sense of smell can sniff out nearby items.
Your experience applies equally to all skills.


Message History

Found a scroll labelled MIAVOADGHIY.
t - a scroll labelled MIAVOADGHIY
There are no items here.
A frilled lizard comes into view.
The frilled lizard hisses angrily.
The frilled lizard bites you but does no damage.
You block the frilled lizard's attack.
You hit the frilled lizard.
You kill the frilled lizard!
Kikubaaqudgha accepts your kill.
You open the door.
There is an open door here.
Found a stone staircase leading up.
There is a stone staircase leading up here.
There is a stone staircase leading down here.
There is a stone staircase leading down here.
You climb downwards.
There is a stone staircase leading up here.
A sky beast comes into view.
The sky beast flickers out of sight!
Deactivating autopickup; reactivate with Ctrl-A.
Something hits you but does no damage.
You miss something. Something hits you but does no damage.
You barely miss something. Your bite misses something.
Something hits you but does no damage.
You closely miss something. Your bite misses something. Something hits you.
Something shocks you.
You barely miss something.
Something hits you but does no damage. x2
You miss something. Something hits you. Something shocks you.
You hit something. Your bite misses something. Something hits you.
Something shocks you.
You closely miss something. Your bite misses something. Something hits you.
Something shocks you.
* * * LOW HITPOINT WARNING * * *
You miss something. Something hits you but does no damage.
You barely miss something. Something hits you.
* * * LOW HITPOINT WARNING * * *
Something shocks you.
You die...
Kikubaaqudgha rasps: "You have failed me!
Welcome... death!"

### #### #.. ..#
#.# #.# #.# #<#
#.########.####.#
#...{@.......##.#
#..#######.#.##.#
#. #.#.##.#
#.#.##.# #......#
###.#### #.# #.#
#.#


There were no monsters in sight!

Vanquished Creatures
  An adder (D:2)
  2 dart slugs (D:1)
  A bat (D:1)
  3 endoplasms (D:1)
  2 giant cockroaches
  4 goblins
  5 hobgoblins
  3 ball pythons (D:1)
  2 frilled lizards (D:2)
  3 rats (D:1)
26 creatures vanquished.

Notes
Turn   | Place    | Note
-------+----------+-------------------------------------------
     0 | D:1      | bloopermario the Gnoll Fighter began the quest for the Orb.
     0 | D:1      | Reached XP level 1. HP: 23/23 MP: 1/1
   112 | D:1      | Reached XP level 2. HP: 29/29 MP: 2/2
   451 | D:1      | Reached XP level 3. HP: 35/35 MP: 3/3
   611 | D:2      | Reached skill level 1 in Invocations
   622 | D:2      | Found an ancient bone altar of Kikubaaqudgha.
   641 | D:2      | Became a worshipper of Kikubaaqudgha
   870 | D:3      | Noticed a sky beast
   882 | D:3      | Slain by a sky beast

Illustrated notes

Levels and vault maps discovered:
D:1:      nicolae_arrival_memento_mori, layout_basic,
          hellmonk_ecumenical_altar_leap_of_faith, minmay_pentomino_r4
D:2:      layout_loops_corners, basic_altar, minmay_misc_feat_four_crosses
D:3:      due_chaos_kobolds, layout_loops_corners, dk_vineyard_1,
          amcnicky_altar_lugonu_corruption, uniq_crazy_yiuf_cottage

Skill      XL: |  1  2  3 |
---------------+----------+-----
Invocations    | 1 |  1.0
Fighting       | |  6.5
Short Blades   | |  0.9
Long Blades    | |  0.9
Axes           | |  0.9
Maces & Flails | |  4.5
Polearms       | |  0.9
Staves         | |  0.9
Ranged Weapons | |  0.9
Throwing       | |  0.9
Armour         | |  6.5
Dodging        | |  0.9
Stealth        | |  0.9
Shields        | |  6.5
Unarmed Combat | |  0.9
Spellcasting   | |  0.9
Conjurations   | |  0.6
Hexes          | |  0.6
Summonings     | |  0.6
Necromancy     | |  0.6
Translocations | |  0.6
Transmutations | |  0.6
Fire Magic     | |  0.6
Ice Magic      | |  0.6
Air Magic      | |  0.6
Earth Magic    | |  0.6
Poison Magic   | |  0.6
Evocations     | |  0.9

Action                   || total
-------------------------++-------
Melee: Flail             ||    73
       Bite              ||     6
  Use: Scroll            ||     3
       Potion            ||     1
Armor: Scale mail        ||    27
Dodge: Dodged            ||    26
Block: Buckler           ||    16

Table legend: (Time is in decaauts)
 A = Elapsed time spent in this place.
 B = Non-inter-level travel time spent in this place.
 C = Inter-level travel time spent in this place.
 D = Time resting spent in this place.
 E = Time spent auto-exploring this place.
 F = Levels seen in this place.
 G = Mean time per level.
                   A        B        C        D        E       F      G
               +--------+--------+--------+--------+--------+-----+--------+
         Total |    897 |    897 |      0 |      0 |      0 |   3 |  299.0 |
       Dungeon |    897 |    897 |      0 |      0 |      0 |   3 |  299.0 |
               +--------+--------+--------+--------+--------+-----+--------+

Top non-repeatable levels by time:
     D:1: 567 daAuts
     D:2: 301 daAuts
     D:3: 28 daAuts
